 Dungeon Crawl Stone Soup version 0.27-a0-92-g39ad13b146 (webtiles) character file.

Game seed: 13672794775746875787

270 kae the Insei (level 6, -1/38 HPs)
             Began as a Tengu Monk on Jan 15, 2021.
             Slain by Grinder (7 damage)
             ... while paralysed by Grinder
             ... in a sewer.
             The game lasted 00:01:45 (2948 turns).

kae the Insei (Tengu Monk)                          Turns: 2948, Time: 00:01:46

Health: -1/38      AC:  3    Str: 14      XL:     6   Next: 22%
Magic:  7/7        EV:  2    Int: 10      God:
Gold:   75         SH:  0    Dex: 14 (16) Spells: 5/5 levels left

rFire    . . .     SeeInvis .     - Unarmed
rCold    . . .     Faith    .   (no shield)
rNeg     . . .     Spirit   .   a - +1 robe
rPois    .         Reflect  .   (helmet restricted)
rElec    .         Harm     .   (no cloak)
rCorr    .         Rampage  .   (no gloves)
Will     .....                  (boots unavailable)
Stlth    ++........             (no amulet)
HPRegen  0.12/turn              (no ring)
MPRegen  0.10/turn              (no ring)

@: paralysed, flying quickly and evasively, quick
A: beak, talons 3, able to fly
a: Stop Flying


You were in a sewer.
You visited 1 branch of the dungeon, and saw 3 of its levels.
You also visited: Sewer.

You collected 75 gold pieces.

Inventory:

Armour
 a - a +1 robe (worn)
Scrolls
 c - a scroll of noise {unknown}
 e - a scroll of random uselessness {unknown}
 f - a scroll of remove curse {unknown}
Potions
 b - a potion of magic {unknown}
 d - 3 potions of curing {unknown}
 g - 4 potions of heal wounds {unknown}
 h - 2 potions of attraction {unknown}


   Skills:
 + Level 3.9 Fighting
 + Level 2.6 Armour
 + Level 4.4 Dodging
 - Level 2.0 Stealth
 * Level 5.3 Unarmed Combat


You had 5 spell levels left.
You didn't know any spells.
Your spell library was empty.

Dungeon Overview and Level Annotations

Branches:
Dungeon (3/15)              Sewer (1/1)

Altars:
Kikubaaqudgha

Annotations:
Sewer Grinder


Innate Abilities, Weirdness & Mutations

You have a beak for a mouth.
You have claws for feet.
You can fly continuously.


Message History

You hit Grinder. You peck Grinder, but do no damage.
Grinder is heavily wounded.
Grinder says, "DUCK!"
Grinder closely misses you.
You hit Grinder but do no damage. You peck Grinder, but do no damage.
Grinder is heavily wounded.
Grinder gestures at you.
You suddenly lose the ability to move!
Grinder gestures at you. You resist with significant effort.
Grinder gestures at you. Pain shoots through your body!
Grinder hits you but does no damage. Grinder barely misses you.
Grinder hits you!
* * * LOW HITPOINT WARNING * * *
You writhe in agony.
* * * LOW HITPOINT WARNING * * *
Grinder hits you!
You die...

#∩ ##!## ##)?!##
#≈...≈# #≈...≈#
#≈...≈# #≈.5.≈#
#≈..@≈# #≈...≈#
##'''##
#####.....#########
≈≈≈#..§.§..#≈≈≈≈≈≈##
...'.......'.......###
...'.§._.§.'......).∩#
..'.......'.......###
≈≈#...§...#≈≈≈≈≈≈##


You could see Grinder.

Vanquished Creatures
  A big kobold (Sewer)
  2 quasits (Sewer)
  2 big kobold zombies (Sewer)
  An adder (D:3)
  A shadow imp (Sewer)
  An ufetubus (Sewer)
  An ooze (Sewer)
  2 worms (D:2)
  2 leopard geckos (D:1)
  11 bats
  A giant cockroach (Sewer)
  3 goblins (D:1)
  5 hobgoblins
  3 jackals (D:1)
  25 kobolds
  A quokka (D:2)
  2 ball pythons
  3 frilled lizards
  A kobold zombie (Sewer)
  5 rats
73 creatures vanquished.

Vanquished Creatures (others)
  3 big kobold zombies (Sewer)
  An ooze (Sewer)
  A kobold zombie (Sewer)
  8 plants (D:1)
13 creatures vanquished.

Grand Total: 86 creatures vanquished

Notes
Turn   | Place    | Note
-------+----------+-------------------------------------------
     0 | D:1      | kae the Tengu Monk began the quest for the Orb.
     0 | D:1      | Reached XP level 1. HP: 14/14 MP: 2/2
   267 | D:1      | Reached XP level 2. HP: 18/19 MP: 3/3
   806 | D:1      | Reached skill level 1 in Armour
   874 | D:1      | Reached XP level 3. HP: 23/23 MP: 4/4
  1160 | D:2      | Reached skill level 4 in Unarmed Combat
  1221 | D:2      | Found an ancient bone altar of Kikubaaqudgha.
  1653 | D:3      | Found a glowing drain.
  1659 | D:3      | Reached XP level 4. HP: 25/28 MP: 5/5
  1667 | Sewer    | Entered a sewer
  2020 | Sewer    | Gained mutation: You can fly continuously. [Tengu growth]
  2020 | Sewer    | Reached XP level 5. HP: 5/32 MP: 6/6
  2311 | Sewer    | Found a burning altar of Makhleb.
  2445 | Sewer    | Noticed a big kobold
  2572 | Sewer    | Killed a big kobold
  2573 | Sewer    | Reached skill level 5 in Unarmed Combat
  2774 | Sewer    | Reached XP level 6. HP: 23/38 MP: 7/7
  2935 | Sewer    | Noticed Grinder
  2942 | Sewer    | Paralysed by Grinder for 7 turns
  2948 | Sewer    | Slain by Grinder

Illustrated notes

Levels and vault maps discovered:
D:1:      scummos_arrival_forest, layout_basic, fountainhead,
          lexackson_kobold_supper
D:2:      layout_basic, kiku_gazebo_garden_becter
D:3:      layout_loops_cross, portal_sewer_entry_d
Sewer:    kennysheep_sewer_church

Skill      XL: |  1  2  3  4  5 |
---------------+----------------+-----
Armour         | 1 2 |  2.6
Unarmed Combat | 4 5 |  5.3
Dodging        | 4 |  4.4
Fighting       | |  3.9
Stealth        | |  2.0

Action                   |  1- 3 |  4- 6 || total
-------------------------+-------+-------++-------
Melee: Unarmed           |   103 |   121 ||   224
       Kick              |    25 |    36 ||    61
       Peck              |    10 |    26 ||    36
       Punch             |       |     1 ||     1
 Abil: Fly               |       |     1 ||     1
  Use: Scroll            |     2 |       ||     2
 Stab: Sleeping          |     4 |       ||     4
Armor: Robe              |    16 |    18 ||    34
Dodge: Dodged            |    71 |   133 ||   204

Table legend: (Time is in decaauts)
 A = Elapsed time spent in this place.
 B = Non-inter-level travel time spent in this place.
 C = Inter-level travel time spent in this place.
 D = Time resting spent in this place.
 E = Time spent auto-exploring this place.
 F = Levels seen in this place.
 G = Mean time per level.
                   A        B        C        D        E       F      G
               +--------+--------+--------+--------+--------+-----+--------+
         Total |   2930 |   2882 |     48 |    668 |   1637 |   4 |  732.5 |
       Dungeon |   1665 |   1617 |     48 |    198 |   1159 |   3 |  555.0 |
         Sewer |   1264 |   1264 |      0 |    470 |    477 |   1 | 1264.0 |
               +--------+--------+--------+--------+--------+-----+--------+

Top non-repeatable levels by time:
   Sewer: 1264 daAuts
     D:1: 1054 daAuts
     D:2: 559 daAuts
     D:3: 51 daAuts
